Map: Ephemeron LE

Players

Whiteshadow - Winner!

  • Race: Protoss Protoss
  • League: Master
  • Spawn Location: 11:00

Zero

  • Race: Terran Terran
  • League: Grandmaster
  • Spawn Location: 5:00

VOD

Have the link to the VOD?

Description

Time

  • Played on: Dec. 4, 2019, 8:19 p.m.
  • Length: 6:48
Show
View Real Time Build Order
Export as new Build Order

Whiteshadow Protoss - Winner!

Build Orders: 1 Gate Expand 

Get SALT Encoding   

  12  0:00  Probe  
  13  0:13  Probe  
  14  0:17  Pylon  
  14  0:25  Probe (Chrono Boost)  
  15  0:37  Probe (Chrono Boost)  
  15  0:39  Gateway  
  16  0:45  Probe (Chrono Boost)  
  17  0:50  Assimilator  
  17  0:52  Probe  
  18  1:04  Probe  
  19  1:16  Probe  
  20  1:28  Nexus  
  20  1:39  Cybernetics Core  
  20  1:42  Probe  
  21  1:48  Assimilator  
  21  1:54  Probe  
  22  2:01  Pylon  
  22  2:07  Probe  
  22  2:17  Adept (Chrono Boost)  
  22  2:20  Twilight Council  
  24  2:24  Probe  
  24  2:27  Warp Gate  
  25  2:36  Probe  
  26  2:48  Probe  
  26  2:52  Charge (Chrono Boost)  
  26  2:57  Stalker  
  27  2:59  Probe  
  29  3:07  Probe (Chrono Boost)  
  29  3:11  Probe (Chrono Boost)  
  32  3:21  Probe x2 (Chrono Boost)  
  32  3:27  Stalker  
  32  3:28  Probe x2  
  36  3:39  Gateway  
  36  3:42  Probe  
  36  3:44  Gateway  
  36  3:47  Probe  
  38  3:54  Probe  
  41  4:04  Robotics Facility  
  37  4:18  Pylon  
  37  4:19  Gateway  
  37  4:20  Gateway  
  37  4:25  Gateway  
  37  4:30  Pylon  
  37  4:32  Zealot  
  37  4:34  Zealot  
  37  4:38  Zealot  
  43  4:43  Gateway  
  43  4:45  Gateway  
  41  5:00  Zealot x3  
  41  5:01  Warp Prism (Chrono Boost)  
  49  5:15  Zealot x2  
  49  5:17  Pylon  
  49  5:20  Zealot x3  
  59  5:27  Pylon  
  59  5:29  Zealot  
  61  5:54  Stalker  
  61  5:55  Zealot x2  
  61  5:57  Stalker x3, Zealot  
  53  6:13  Zealot  
  53  6:16  Zealot x2  
  49  6:20  Stalker  
  47  6:29  Zealot x4  
  49  6:34  Probe  
Show
View Real Time Build Order
Export as new Build Order

Zero Terran 

Build Orders: Reaper Expand 

Get SALT Encoding   

  12  0:00  SCV  
  13  0:12  SCV  
  14  0:17  Supply Depot  
  14  0:24  SCV  
  15  0:38  SCV  
  15  0:40  Barracks  
  16  0:44  Refinery  
  16  0:50  SCV  
  17  1:03  SCV  
  17  1:15  SCV  
  18  1:30  Reaper, Orbital Command  
  19  1:49  Command Center  
  19  1:56  SCV  
  20  2:05  Barracks Reactor  
  20  2:07  Supply Depot  
  20  2:10  SCV  
  20  2:13  Refinery  
  21  2:22  SCV  
  22  2:27  Factory  
  22  2:34  SCV  
  23  2:40  Marine x2  
  25  2:46  SCV  
  26  2:58  SCV  
  27  3:00  Marine  
  27  3:01  Orbital Command, Marine  
  29  3:12  Factory Tech Lab  
  29  3:14  SCV, Starport  
  29  3:19  Marine x2  
  31  3:28  SCV  
  31  3:29  SCV  
  31  3:32  Siege Tank  
  35  3:37  Marine x2  
  35  3:40  SCV  
  38  3:42  SCV  
  39  3:49  Supply Depot  
  39  3:50  Medivac  
  39  3:52  SCV  
  42  3:58  Marine x2  
  44  4:04  SCV  
  44  4:10  Siege Tank  
  44  4:11  SCV, Liberator  
  44  4:15  Supply Depot  
  44  4:16  SCV, Marine  
  49  4:23  SCV  
  50  4:28  SCV  
  54  4:35  Supply Depot  
  54  4:37  SCV, Marine x2  
  57  4:40  SCV  
  58  4:49  SCV  
  58  4:52  SCV  
  51  5:01  SCV, Marine x2  
  51  5:04  SCV  
  55  5:09  Bunker  
  55  5:10  Supply Depot  
  55  5:11  Supply Depot  
  55  5:12  Engineering Bay  
  55  5:17  Viking  
  55  5:19  Marine x2  
  55  5:20  Siege Tank  
  62  5:21  SCV  
  62  5:23  SCV  
  64  5:33  SCV  
  65  5:36  Marine  
  65  5:37  Marine  
  63  5:53  SCV  
  63  5:54  Marine  
  63  6:01  SCV, Marine  
  53  6:05  SCV  
  45  6:12  Marine  
  45  6:13  SCV  
  45  6:16  Siege Tank  
  45  6:18  Marine  
  33  6:30  Marine  
Tags
 
Add a new tag
Caveats
  • Supply blocks, unpowered buildings, or Contaminate may cause inaccurate times.
  • Supply counts are checked every 10 seconds.